 Dungeon Crawl Stone Soup version 0.20-a0-830-g2c9a30d (webtiles) character file.

105 M4edhros the Sneak (level 4, -4/28 HPs)
             Began as an Octopode Artificer on Mar 7, 2017.
             Slain by a gnoll (8 damage)
             ... on level 4 of the Dungeon.
             The game lasted 00:02:01 (1805 turns).

M4edhros the Sneak (Octopode Artificer)             Turns: 1805, Time: 00:02:02

Health: -4/28      AC:  1    Str: 11    XL:     4   Next: 81%
Magic:  6/6        EV: 17    Int: 13    God:
Gold:   58         SH:  0    Dex: 13    Spells: 3/3 levels left

rFire    . . .     SeeInvis .   a - +0 short sword
rCold    . . .     Gourm    .   (no shield)
rNeg     . . .     Faith    .   (helmet restricted)
rPois    .         Spirit   .   (no amulet)
rElec    .         Reflect  .   o - +4 ring of evasion
rCorr    .         Harm     .   (no ring)
MR       .....                  (no ring)
Stlth    ++++......             (no ring)
Regen    0.1/turn               (no ring)
MPRegen  0.1/turn               (no ring)
                                (no ring)
                                (no ring)

@: no status effects
A: almost no armour, stealthy swim, amphibious, 8 rings, constrict 8, camouflage
1, gelatinous body 1
a: no special abilities


You were on level 4 of the Dungeon.
You were hungry.

You visited 1 branch of the dungeon, and saw 4 of its levels.

You collected 58 gold pieces.

Inventory:

Hand Weapons
 a - a +0 short sword (weapon)
Jewellery
 o - a +4 ring of evasion (left tentacle)
Wands
 b - a wand of flame (8/48)
 c - a wand of enslavement (12/24)
 d - a wand of random effects (15/48)
 i - a wand of polymorph (13/24)
Scrolls
 e - a scroll of fear
 m - a scroll of fog {unknown}
Potions
 h - 2 potions of heal wounds {unknown}
 k - a potion of agility
 l - a potion of invisibility {unknown}
 n - a potion of cancellation {unknown}
 p - a potion of curing {unknown}
Comestibles
 f - 2 bread rations
 g - a royal jelly
 j - 3 meat rations


   Skills:
 - Level 1.0 Fighting
 - Level 1.0 Short Blades
 - Level 2.0 Dodging
 + Level 6.4 Stealth
 - Level 3.2 Evocations


You had 3 spell levels left.
You didn't know any spells.

Dungeon Overview and Level Annotations

Branches:
Dungeon (4/15)
 Temple: D:4-7

Altars:

Annotations:
D:3 Vesto's ghost, weakling OpCj


Innate Abilities, Weirdness & Mutations

You cannot wear most types of armour.
You are very stealthy in the water. (Stealth+)
You are amphibious.
You can wear up to eight rings at the same time.
You can use your tentacles to constrict eight enemies at once.
Your skin changes colour to match your surroundings (Stealth+).
Your rubbery body absorbs attacks. (AC +1, EV +1)


Message History

Evoke which item? (* to show all) (? for menu, Esc to quit)
Aiming: Throw Flame
Press: ? - help, Shift-Dir - straight line, f/p - gnoll
Aim: a gnoll (heavily wounded)
The puff of flame misses the gnoll.
This wand has 10 charges left.
Evoke which item? (* to show all) (? for menu, Esc to quit)
Aiming: Throw Flame
Press: ? - help, Shift-Dir - straight line, f/p - gnoll
Aim: a gnoll (heavily wounded)
The puff of flame hits the gnoll.
The gnoll is severely wounded.
This wand has 9 charges left.
The gnoll completely misses you.
Evoke which item? (* to show all) (? for menu, Esc to quit)
Aiming: Throw Flame
Press: ? - help, Shift-Dir - straight line, f/p - gnoll
Aim: a gnoll (severely wounded)
The puff of flame hits the gnoll.
The gnoll is almost dead.
This wand has 8 charges left.
The gnoll hits you!
You die...

#.....################ #.
#.....#..............# +.
#.....#..............# #.
#.....#.........)....# #.
#.....#...#######...######.
#.....#'####...##...#......
######.....#........#....g.
#...g.#........#...g..
#....@#........#.....#
#.....##'###...#.gg..#
######..........#...#.....#
#.....#####.....#...'.....#
#.....#...#.....#...#.....#
#.....#...#.....#...#.....#
#.....'...#....†#...#.....#
#.....#####.....#####.....#
########............<..####


You could see a gnoll.

Vanquished Creatures
  An iguana (D:4)
  A gnoll (D:4)
  3 adders
  An ooze (D:1)
  A dart slug (D:2)
  2 leopard geckos
  3 orcs (D:3)
  A ball python (D:2)
  2 goblins (D:3)
  4 hobgoblins
  3 jackals
  A quokka (D:3)
  A bat (D:3)
  A frilled lizard (D:4)
  A kobold (D:2)
  2 rats
28 creatures vanquished.

Vanquished Creatures (others)
  2 gnolls (D:4)
2 creatures vanquished.

Grand Total: 30 creatures vanquished

Notes
Turn   | Place    | Note
-------+----------+-------------------------------------------
     0 | D:1      | M4edhros the Octopode Artificer began the quest for the Orb.
     0 | D:1      | Reached XP level 1. HP: 13/13 MP: 3/3
   442 | D:1      | Reached skill level 2 in Stealth
   442 | D:1      | Reached XP level 2. HP: 18/18 MP: 4/4
   709 | D:2      | Reached skill level 3 in Stealth
  1036 | D:2      | Reached skill level 4 in Stealth
  1121 | D:2      | Reached XP level 3. HP: 21/23 MP: 5/5
  1206 | D:3      | Reached skill level 5 in Stealth
  1346 | D:3      | Noticed Vesto's ghost (weakling OpCj)
  1488 | D:4      | Reached XP level 4. HP: 14/28 MP: 6/6
  1491 | D:4      | Reached skill level 6 in Stealth
  1805 | D:4      | Slain by a gnoll

Vault maps used:
D:1:      erik_arrival_orb_chamber
D:2:      kennysheep_generic_room_8
D:3:      tso_altar, first_bread, hangedman_decor_opposing
D:4:      serial_shops, shop

Skill      XL: |  1  2  3  4 |
---------------+-------------+-----
Stealth        | 2 4 5 6 |  6.4
Fighting       | |  1.0
Short Blades   | |  1.0
Dodging        | |  2.0
Evocations     | |  3.2

Action                   |  1- 3 |  4- 6 || total
-------------------------+-------+-------++-------
Melee: Short sword       |    57 |    14 ||    71
       Tentacles         |    10 |     1 ||    11
       Constrict         |    11 |     4 ||    15
Evoke: Wand              |     2 |     8 ||    10
  Use: Scroll            |     4 |       ||     4
       Potion            |     1 |       ||     1
 Stab: Sleeping          |     6 |     1 ||     7
       Distracted        |     1 |       ||     1
  Eat: Chunk             |     1 |     1 ||     2
Armor: Skin              |     3 |     1 ||     4
Dodge: Dodged            |    36 |    11 ||    47
